[Event "*** Qualifier 1: Titled Tuesday 3|2 Blitz"]
[Site "Chess.com"]
[Date "2017.04.04"]
[Round "4"]
[White "pKiLz5Rn9b"]
[Black "oggy1984"]
[Result "1/2-1/2"]
[WhiteElo "2595"]
[BlackElo "2306"]
[TimeControl "180+2"]
[EndTime "14:03:40 PDT"]
[Termination "Game drawn - insufficient material"]

1. d4 Nf6 2. Nf3 e6 3. Nbd2 d5 4. e3 c5 5. c3 Nc6 6. Bd3 Be7 7. O-O O-O 8. dxc5 Bxc5 9. b4 Be7 10.
Bb2 b6 11. Qe2 Bb7 12. a3 Rc8 13. Rfd1 Qc7 14. Rac1 Ne5 15. Nxe5 Qxe5 16. Nf3 Qh5 17. h3 Ne4 18. c4 dxc4 19. Bxc4 Rfd8 20. Rxd8+ Rxd8 21. Ba6 Qd5 22. Bxb7 Qxb7 23. Qc4 h6 24. Nd4 Nd6 25. Qc7 Rd7 26. Qxb7 Nxb7 27. Nc6 Nd6 28. Rd1 Bf8 29. Be5 Rc7 30. b5 Rd7 31. a4 f6 32.
Bxd6 Bxd6 33. Kf1 Kf7 34. Nxa7 Rxa7 35. Rxd6 Rxa4 36. Rxb6 Ra1+ 37. Ke2 Rb1 38. Rb7+ Kg6 39. g3 Rb2+ 40. Kf3 e5 41. g4 e4+ 42. Kg3 Rb4 43. b6 Rb2 44. Rb8 h5 45. Rb7 hxg4 46. hxg4 Kh7 47. Rb8 Kg6 48. b7 Kg5 49. Kh3 g6 50. Kg3 Rb4 51. Kh3 Rb2 52. Kg3 Rb4 53. Re8 Rxb7 54.
Rxe4 Kh6 55. Ra4 g5 56. Ra5 Kg6 57. Kf3 Rb2 58. Ra3 Rc2 59. Rd3 Rb2 60. Rd1 Ra2 61. Re1 Rb2 62. Re2 Rb1 63. Rc2 Rg1 64. Rc4 Kf7 65. Ke2 Kg6 66. f3 Rg2+ 67. Kd3 Rf2 68. Ke4 Rf1 69. Rc3 Rf2 70. Rc1 Kf7 71. Rd1 Kg6 72.
Ra1 Kf7 73. Ra3 Kg6 74. Ra4 Rf1 75. Ra2 Kf7 76. Rg2 Kg6 77. Rh2 Kf7 78. Rh6 Kg7 79. Rh3 Kg6 80. Rg3 Rf2 81. Rg1 Kf7 82. Rh1 Kg6 83.
Rh3 Kf7 84. Kf5 Kg7 85. Rg3 Ra2 86. Rg1 Ra5+ 87. Ke4 Ra4+ 88. Kd3 Ra3+ 89. Ke2 Ra2+ 90. Kf1 Kg6 91. Rg2 Ra3 92. Kf2 Rb3 93. Rg1 Rb2+ 94. Kg3 Re2 95. e4 Kf7 96. Ra1 Kg6 97. Ra6 Kf7 98.
Ra7+ Kg6 99. Re7 Kh6 100. Re6 Kg7 101. Rd6 Kf7 102. Rc6 Ke7 103. Rc5 Ke6 104. Rf5 Re3 105. Kf2 Ra3 106. e5 fxe5 107. Rxg5 Ra2+ 108. Kg3 Ra3 109. Kf2 Ra2+ 110. Kf1 Ra3 111. Kg2 Ra2+ 112. Kg3 Ra3 113. Rg8 Kf7 114. Rg5 e4 115. Rf5+ Kg6 116. Rf8 exf3 117. Rxf3 Ra4 118. Rb3 Rc4 119. Kh4 Kh6 120. Rb6+ Kg7 121. Rb5 Rc6 122. Rg5+ Kh7 123. Rh5+ Kg7 124. Ra5 Rh6+ 125. Kg3 Rb6 126. Rc5 Kg6 127. Kh4 Ra6 128. Rb5 Rc6 129. Rb8 Kh7 130. Rd8 Rb6 131. Kh5 Rh6+ 132. Kg5 Rg6+ 133. Kf5 Rb6 134. Rd7+ Kg8 135. Kg5 Rc6 136. Rd5 Kg7 137. Rd7+ Kg8 138. Kh5 Rb6 139. Rc7 Ra6 140. Rc5 Kh7 141. Kg5 Kg7 142. Rb5 Rc6 143. Kf5 Rf6+ 144. Ke4 Rc6 145. Kf4 Kg6 146. Rb4 Ra6 147. Rb8 Ra4+ 148. Kg3 Kg5 149. Rg8+ Kh6 150. Kh4 Rb4 151. Rc8 Kg6 152. Rc6+ Kh7 153. Kh5 Kg7 154. g5 Rb7 155. Ra6 Rc7 156. Ra5 Rb7 157. Kg4 Rc7 158. Kf5 Rf7+ 159. Ke5 Rb7 160. Ra6 Rf7 161. Rf6 Rb7 162. Kf5 Rc7 163. Re6 Rf7+ 164. Kg4 Rb7 165. Re5 Rc7 166. Kh5 Rc6 167. Rf5 Rb6 168. g6 Rb1 169. Rf7+ Kg8 170. Rf4 Rh1+ 171. Kg5 Rg1+ 172. Kf6 Rb1 173. Ra4 Rb6+ 174. Kg5 Rb1 175. Rh4 Kg7 176. Rh7+ Kg8 177. Rh4 Kg7 178. Rh7+ Kg8 179. Rh2 Kg7 180. Rf2 Rb5+ 181. Rf5 Rb1 182. Rf7+ Kg8 183. Rf4 Kg7 184. Rf7+ Kg8 185. Ra7 Rg1+ 186. Kf5 Rf1+ 187. Ke4 Re1+ 188. Kf3 Rg1 189. g7 Rxg7 190. Rxg7+ Kxg7 1/2-1/2

[Event "*** Qualifier 1: Titled Tuesday 3|2 Blitz"]
[Site "Chess.com"]
[Date "2017.04.04"]
[Round "5"]
[White "severomorskij"]
[Black "Buffy7"]
[Result "1-0"]
[WhiteElo "2648"]
[BlackElo "2525"]
[TimeControl "180+2"]
[EndTime "14:06:34 PDT"]
[Termination "severomorskij won by resignation"]

1. d4 f5 2. Bg5 h6 3. Bd2 Nf6 4.
e3 d5 5. Be2 g6 6. Nh3 Be6 7. c4 dxc4 8. Na3 Bg7 9. Nf4 Bf7 10.
Bxc4 Bxc4 11. Nxc4 Kf7 12. Ne5+ 1-0

[Event "*** Qualifier 1: Titled Tuesday 3|2 Blitz"]
[Site "Chess.com"]
[Date "2017.04.04"]
[Round "5"]
[White "DryCounty"]
[Black "dolynachess"]
[Result "1-0"]
[WhiteElo "2467"]
[BlackElo "2296"]
[TimeControl "180+2"]
[EndTime "14:07:53 PDT"]
[Termination "DryCounty won by resignation"]

1. e4 e6 2. d4 d5 3. exd5 exd5 4.
Nf3 Bg4 5. h3 Bh5 6. Qe2+ Qe7 7.
Be3 Nc6 8. Nc3 O-O-O 9. g4 Bg6 10. O-O-O Nf6 11. Nh4 Ne4 12. Nxg6 hxg6 13. Nxe4 Qxe4 14.
Rg1 Bd6 15. Bg2 Qe6 16. c4 Ne7 17. Qf3 Qf6 18. Qxf6 gxf6 19. c5 1-0

[Event "*** Qualifier 1: Titled Tuesday 3|2 Blitz"]
[Site "Chess.com"]
[Date "2017.04.04"]
[Round "5"]
[White "Keaton87"]
[Black "wonderfultime"]
[Result "0-1"]
[WhiteElo "2495"]
[BlackElo "2670"]
[TimeControl "180+2"]
[EndTime "14:07:55 PDT"]
[Termination "wonderfultime won by resignation"]

1. d4 d5 2. Bf4 Nf6 3. e3 e6 4.
Nf3 c5 5. c3 Nc6 6. Bd3 Bd6 7.
Bg3 O-O 8. Ne5 Ne7 9. O-O b6 10.
Nd2 Bb7 11. Qe2 Rc8 12. Ba6 Bxa6 13. Qxa6 Qc7 14. Nef3 Nf5 15. Bxd6 Nxd6 16. a4 Rb8 17. Rfd1 Rfc8 18. h3 h6 19. Qe2 c4 20. Ne5 b5 21.
axb5 Rxb5 22. Ra2 Rcb8 23. Nf1 R8b7 24. Rda1 Qb8 25. Rb1 Nde4 26. Qc2 Rb3 27. Nd2 Nxd2 28. Qxd2 Ne4 29. Qe2 Nxc3 30. bxc3 Rxb1+ 31. Kh2 f6 0-1

[Event "*** Qualifier 1: Titled Tuesday 3|2 Blitz"]
[Site "Chess.com"]
[Date "2017.04.04"]
[Round "5"]
[White "Ilja_Semjonovs"]
[Black "jeaston1"]
[Result "0-1"]
[WhiteElo "2145"]
[BlackElo "2167"]
[TimeControl "180+2"]
[EndTime "14:07:57 PDT"]
[Termination "jeaston1 won by resignation"]

1. e4 c5 2. Nf3 Nc6 3. d4 cxd4 4.
Nxd4 Nf6 5. Nc3 e5 6. Ndb5 d6 7. Bg5 a6 8. Na3 b5 9. Nd5 Be7 10. Bxf6 Bxf6 11. c3 O-O 12. Nc2 Rb8 13. Nce3 Bg5 14.
a4 bxa4 15. Qxa4 Ne7 16. Nxe7+ Bxe7 17. b4 Bb7 18. Bxa6 Bxe4 19. O-O Bg5 20. b5 d5 21. Rad1 Bxe3 22. fxe3 Qg5 23. Rf2 Qxe3 0-1

[Event "*** Qualifier 1: Titled Tuesday 3|2 Blitz"]
[Site "Chess.com"]
[Date "2017.04.04"]
[Round "5"]
[White "Fiona"]
[Black "Outsmiter"]
[Result "1-0"]
[WhiteElo "2265"]
[BlackElo "2112"]
[TimeControl "180+2"]
[EndTime "14:08:10 PDT"]
[Termination "Fiona won by resignation"]

1. e4 d6 2. d4 Nf6 3. Bd3 e5 4. c3 Nc6 5. Nf3 Bg4 6. Be3 Be7 7.
O-O O-O 8. h3 Bxf3 9. Qxf3 Re8 10.
Nd2 a6 11. Rad1 Nd7 12. Qg3 Nf8 13. f4 exd4 14. cxd4 d5 15. e5 Nb4 16. Bb1 f6 17. f5 Nc6 18. Bh6 g6 19. fxg6 Nxg6 20. Bxg6 1-0

[Event "*** Qualifier 1: Titled Tuesday 3|2 Blitz"]
[Site "Chess.com"]
[Date "2017.04.04"]
[Round "5"]
[White "donotreadit"]
[Black "Feegus"]
[Result "0-1"]
[WhiteElo "2476"]
[BlackElo "2357"]
[TimeControl "180+2"]
[EndTime "14:08:14 PDT"]
[Termination "Feegus won by checkmate"]

1. d4 Nf6 2. Bg5 Ne4 3. Bf4 g6 4. f3 Nf6 5. e4 Bg7 6. Nc3 d6 7. h4 Nh5 8. Bh2 e5 9. dxe5 Qxh4+ 10. Kd2 Bh6+ 11. Ke2 O-O 12. g4 Nf4+ 13. Bxf4 Qxh1 14. Bxh6 Qxh6 15. Nh3 dxe5 16. Nd5 Nc6 17. Qe1 Nd4+ 18. Kd3 Nxf3 19. Qg3 Qd2+ 20. Kc4 Qxc2+ 21. Kb4 Qxb2+ 22. Ka4 Bd7+ 23. Ka5 Qa3# 0-1

[Event "*** Qualifier 1: Titled Tuesday 3|2 Blitz"]
[Site "Chess.com"]
[Date "2017.04.04"]
[Round "5"]
[White "IamSchrodingersCat"]
[Black "Goala"]
[Result "1/2-1/2"]
[WhiteElo "2382"]
[BlackElo "2257"]
[TimeControl "180+2"]
[EndTime "14:08:19 PDT"]
[Termination "Game drawn by repetition"]

1. e4 e6 2. d4 d5 3. Nc3 Nf6 4. Bg5 Be7 5. e5 Nfd7 6. h4 O-O 7.
Qh5 c5 8. Nf3 cxd4 9. Bd3 g6 10.
Qh6 Nxe5 11. Nxe5 dxc3 12. Nxg6 fxg6 13. Bxg6 hxg6 14. Qxg6+ Kh8 15. Qh6+ Kg8 16. Qg6+ Kh8 17. Qh6+ Kg8 18. Qg6+ Kh8 1/2-1/2

[Event "*** Qualifier 1: Titled Tuesday 3|2 Blitz"]
[Site "Chess.com"]
[Date "2017.04.04"]
[Round "5"]
[White "tigra"]
[Black "Blitzstream"]
[Result "1-0"]
[WhiteElo "2606"]
[BlackElo "2496"]
[TimeControl "180+2"]
[EndTime "14:08:30 PDT"]
[Termination "tigra won by resignation"]

1. e4 d5 2. exd5 Qxd5 3. Nc3 Qa5 4. d4 Nf6 5. Nf3 c6 6. Bc4 Bf5 7. Ne5 e6 8. g4 Bg6 9. h4 Nbd7 10. Nxd7 Nxd7 11. h5 Be4 12. f3 Bd5 13. Be2 O-O-O 14. a3 e5 15. Be3 exd4 16. b4 Bxb4 17. axb4 Qxb4 18. Qxd4 Qd6 19. Nxd5 cxd5 20. Qc3+ Qc7 21. Qxc7+ Kxc7 22. Rxa7 Rhe8 23. Kd2 d4 24. Bxd4 Nc5 25. c3 Nb3+ 26. Kd3 Nc5+ 27. Kc4 Na6 28. Rb1 Rb8 29. Bd3 Rec8 30. Bf5 Re8 31. Be4 1-0

[Event "*** Qualifier 1: Titled Tuesday 3|2 Blitz"]
[Site "Chess.com"]
[Date "2017.04.04"]
[Round "5"]
[White "PelinGorki"]
[Black "Noukii"]
[Result "1-0"]
[WhiteElo "2387"]
[BlackElo "2647"]
[TimeControl "180+2"]
[EndTime "14:08:32 PDT"]
[Termination "PelinGorki won by resignation"]

1. e4 e5 2. Nc3 Nf6 3. Bc4 Nc6 4.
d3 Bc5 5. f4 d6 6. Nf3 Bg4 7. Na4 O-O 8. Nxc5 dxc5 9. O-O a6 10.
c3 b5 11. Bb3 Qd6 12. h3 Bxf3 13. Qxf3 Rad8 14. Bc2 Rfe8 15. f5 b4 16. g4 bxc3 17.
bxc3 c4 18. dxc4 Qc5+ 19. Be3 Qxc4 20. g5 Nd7 21. Bb3 Qxc3 22. g6 Rf8 23. Rac1 1-0

[Event "*** Qualifier 1: Titled Tuesday 3|2 Blitz"]
[Site "Chess.com"]
[Date "2017.04.04"]
[Round "5"]
[White "Alexander_Donchenko"]
[Black "jncool68"]
[Result "0-1"]
[WhiteElo "2580"]
[BlackElo "2537"]
[TimeControl "180+2"]
[EndTime "14:08:45 PDT"]
[Termination "jncool68 won by resignation"]

1. Nf3 c5 2. c4 Nc6 3. Nc3 e5 4. g3 g6 5. Bg2 Bg7 6. O-O Nge7 7. a3 O-O 8. Rb1 a5 9. Ne1 d6 10. Nc2 Be6 11. Ne3 Qd7 12. Ned5 Rae8 13. d3 Bh3 14. Bxh3 Qxh3 15. b4 axb4 16. axb4 Nxd5 17. Nxd5 cxb4 18. Nxb4 f5 19. e3 f4 20. Nxc6 f3 21. Qxf3 Rxf3 22. Rxb7 Rf7 23. Rb6 h5 24. Ba3 Bf8 25. Nb4 h4 26. Nd5 hxg3 27. hxg3 Re6 0-1

[Event "*** Qualifier 1: Titled Tuesday 3|2 Blitz"]
[Site "Chess.com"]
[Date "2017.04.04"]
[Round "5"]
[White "Aygehovit1992"]
[Black "proxy6"]
[Result "1-0"]
[WhiteElo "2445"]
[BlackElo "2208"]
[TimeControl "180+2"]
[EndTime "14:08:46 PDT"]
[Termination "Aygehovit1992 won by resignation"]

1. e4 c5 2. Nf3 d6 3. d4 cxd4 4.
Nxd4 Nf6 5. Nc3 Nc6 6. Be2 g6 7. O-O Bg7 8. Nb3 O-O 9. Bg5 a6 10. Re1 b5 11. Bf1 Bb7 12. Nd5 Nd7 13. c3 f6 14. Bf4 e6 15. Ne3 Nde5 16. Bg3 Qe7 17. f4 Nf7 18. f5 Nce5 19. fxe6 Qxe6 20. Nd4 Qd7 21. Nd5 Nh6 22. Nb6 Qe7 23. Nxa8 Bxa8 24. a4 bxa4 25. Qxa4 Bb7 26. Bxa6 Ra8 27. Qb3+ 1-0

[Event "*** Qualifier 1: Titled Tuesday 3|2 Blitz"]
[Site "Chess.com"]
[Date "2017.04.04"]
[Round "5"]
[White "aa175"]
[Black "Kawhi_Leonard2"]
[Result "0-1"]
[WhiteElo "1875"]
[BlackElo "2203"]
[TimeControl "180+2"]
[EndTime "14:09:05 PDT"]
[Termination "Kawhi_Leonard2 won by checkmate"]

1. e4 c5 2. Nf3 d6 3. d4 cxd4 4.
Nxd4 Nf6 5. Nc3 g6 6. Be3 Bg7 7. Bc4 O-O 8. Qd2 Ng4 9. Be2 Nxe3 10. Qxe3 Nc6 11. Nxc6 bxc6 12. O-O Rb8 13. Rab1 Qa5 14. a3 Be6 15. Rfd1 Rb6 16. Qd2 Rfb8 17. Nd5 Qxd2 18. Nxe7+ Kf8 19. Nxg6+ hxg6 20. Rxd2 Rxb2 21. Rxb2 Rxb2 22. h3 Ke7 23. Rd4 Bxd4 24. c3 Bxc3 25.
Bc4 Bxc4 26. e5 Bxe5 27. f4 Bxf4 28. g3 Be3+ 29. Kh1 Bd5# 0-1

[Event "*** Qualifier 1: Titled Tuesday 3|2 Blitz"]
[Site "Chess.com"]
[Date "2017.04.04"]
[Round "5"]
[White "Gulkov_Igor"]
[Black "Spartakus1975"]
[Result "0-1"]
[WhiteElo "2313"]
[BlackElo "2504"]
[TimeControl "180+2"]
[EndTime "14:09:11 PDT"]
[Termination "Spartakus1975 won by resignation"]

1. Nf3 d5 2. d4 Nf6 3. c4 c6 4.
Nc3 a6 5. a4 Bf5 6. cxd5 cxd5 7. Bf4 Nc6 8. e3 e6 9. Be2 Be7 10. O-O O-O 11. Ne5 Rc8 12. Rc1 Nxe5 13. Bxe5 Nd7 14.
Bg3 Qb6 15. Qd2 Qa5 16. Bd3 Bxd3 17. Qxd3 Nb6 18. b3 Rc6 19. Na2 Rfc8 20. Rxc6 Rxc6 21. h3 Ba3 22. f3 Nc8 23. Rd1 Ne7 24. Be1 Qb6 25. b4 Bb2 26. Qb3 Nf5 27. Qxb2 Nxe3 28. Rd3 Rc2 29. Qb3 Rxg2+ 30. Kh1 Qc7 0-1

[Event "*** Qualifier 1: Titled Tuesday 3|2 Blitz"]
[Site "Chess.com"]
[Date "2017.04.04"]
[Round "5"]
[White "ka1ser64"]
[Black "Alexander_Moskalenko"]
[Result "0-1"]
[WhiteElo "2335"]
[BlackElo "2621"]
[TimeControl "180+2"]
[EndTime "14:09:18 PDT"]
[Termination "Alexander_Moskalenko won by resignation"]

1. d4 d5 2. c4 Nf6 3. cxd5 Nxd5 4. Nf3 g6 5. e4 Nb6 6. Nc3 Bg7 7. Be3 Bg4 8. Bb5+ c6 9. Be2 O-O 10.
O-O N8d7 11. a4 a5 12. Qb3 e6 13. Rfd1 Re8 14. Rac1 Qe7 15. d5 Qb4 16. Qa2 exd5 17.
exd5 Rxe3 18. fxe3 Bh6 19. Kf2 Re8 20. Rd3 Nc5 21. Rcd1 Nxd3+ 22. Rxd3 Bf5 23. e4 Bxe4 24. Nxe4 Qxe4 25. b3 Nxd5 26. g3 Be3+ 27. Kg2 Bc5 28. Rd2 Nc3 0-1

[Event "*** Qualifier 1: Titled Tuesday 3|2 Blitz"]
[Site "Chess.com"]
[Date "2017.04.04"]
[Round "5"]
[White "Ginger_GM"]
[Black "geeeeri"]
[Result "1-0"]
[WhiteElo "2472"]
[BlackElo "2300"]
[TimeControl "180+2"]
[EndTime "14:09:24 PDT"]
[Termination "Ginger_GM won by resignation"]

1. e4 e6 2. Nf3 d5 3. e5 c5 4. b4 cxb4 5. d4 f5 6. a3 Bd7 7. axb4 Bxb4+ 8. c3 Be7 9. Rg1 Nc6 10.
g4 g6 11. gxf5 exf5 12. Na3 Qa5 13. Qb3 O-O-O 14. Rb1 b6 15. Nc2 b5 16. Bxb5 a6 17. Bd3 Rf8 18. e6 Bd6 1-0

[Event "*** Qualifier 1: Titled Tuesday 3|2 Blitz"]
[Site "Chess.com"]
[Date "2017.04.04"]
[Round "5"]
[White "TheNextLevelFan"]
[Black "CalinGheorghiu"]
[Result "1-0"]
[WhiteElo "2383"]
[BlackElo "2249"]
[TimeControl "180+2"]
[EndTime "14:09:37 PDT"]
[Termination "TheNextLevelFan won by resignation"]

1. d4 Nf6 2. c4 e6 3. Nf3 c5 4. d5 exd5 5. cxd5 d6 6. Nc3 g6 7. g3 Bg7 8. Bg2 O-O 9. O-O Re8 10. Nd2 b6 11. Nc4 Ba6 12. Qb3 Ng4 13. Bf4 Ne5 14. Nxe5 Bxe5 15. Bxe5 Rxe5 16. Rfe1 Qe8 17.
e4 Nd7 18. f4 Re7 19. Qa3 Bd3 20. Re3 c4 21. Qxd6 Nc5 22. e5 Rd8 23. Qc6 Qf8 24. d6 Ree8 25. Nd5 Kh8 26. Nc7 Rxd6 27. Qxe8 1-0

[Event "*** Qualifier 1: Titled Tuesday 3|2 Blitz"]
[Site "Chess.com"]
[Date "2017.04.04"]
[Round "5"]
[White "joppie2"]
[Black "Gabix_94"]
[Result "1-0"]
[WhiteElo "2612"]
[BlackElo "2506"]
[TimeControl "180+2"]
[EndTime "14:09:38 PDT"]
[Termination "joppie2 won by resignation"]

1. e4 c5 2. Nc3 e6 3. Nf3 Qb6 4. Be2 Nc6 5. O-O d6 6. a4 a6 7. a5 Nxa5 8. d4 Nf6 9. e5 Nd7 10. exd6 Bxd6 11. Ne4 Be7 12. dxc5 Nxc5 13. Be3 Nc6 14. Nd6+ Kf8 15. c3 Nd8 16. Ne4 Nc6 17.
b4 Nxb4 18. Nxc5 Nd5 19. Nd7+ Bxd7 20. Bxb6 Nxb6 21. Rb1 Ba4 22. Qd4 1-0

[Event "*** Qualifier 1: Titled Tuesday 3|2 Blitz"]
[Site "Chess.com"]
[Date "2017.04.04"]
[Round "5"]
[White "Superfelix"]
[Black "StoreySniper"]
[Result "1-0"]
[WhiteElo "2325"]
[BlackElo "2221"]
[TimeControl "180+2"]
[EndTime "14:09:42 PDT"]
[Termination "Superfelix won by resignation"]

1. e4 g6 2. d4 Bg7 3. Nc3 c5 4.
dxc5 Bxc3+ 5. bxc3 Qa5 6. Bd3 Qxc3+ 7. Bd2 Qxc5 8. Nf3 d6 9. Rb1 Nd7 10. h4 Ngf6 11. Qe2 Ne5 12. Nxe5 Qxe5 13. f4 Qh5 14.
Qe3 O-O 15. Rb5 e5 16. fxe5 dxe5 17. Bc3 Ng4 18. Qg3 a6 19. Rb6 f5 20. Bc4+ Kg7 21.
Bxe5+ Nxe5 22. Qxe5+ Kh6 23. Be2 1-0

[Event "*** Qualifier 1: Titled Tuesday 3|2 Blitz"]
[Site "Chess.com"]
[Date "2017.04.04"]
[Round "5"]
[White "Rock700chess"]
[Black "peteseeger"]
[Result "1-0"]
[WhiteElo "2214"]
[BlackElo "2114"]
[TimeControl "180+2"]
[EndTime "14:09:45 PDT"]
[Termination "Rock700chess won by resignation"]

1. e4 c5 2. d4 cxd4 3. c3 Nf6 4.
e5 Nd5 5. cxd4 e6 6. Nf3 d6 7. Bc4 Be7 8. O-O O-O 9. Qe2 b6 10. a4 Bb7 11. Nc3 Nxc3 12. bxc3 Nd7 13. Bd3 dxe5 14.
Nxe5 Nxe5 15. Qxe5 Rc8 16. Bd2 Bf6 17. Qg3 Qd5 18. f4 Rfd8 19. Rae1 Bh4 20. Bxh7+ Kf8 21. Qh3 Bxe1 22. Rxe1 f5 23. Bg6 Ke7 24. Bxf5 Rd6 25. Be4 Qa2 26. Bxb7 Qxd2 27. Qh4+ g5 28. Qxg5+ Kf7 29.
Qh5+ Kg7 30. Qe5+ Kf7 31. Bxc8 1-0

[Event "*** Qualifier 1: Titled Tuesday 3|2 Blitz"]
[Site "Chess.com"]
[Date "2017.04.04"]
[Round "5"]
[White "micfel"]
[Black "saraswathii"]
[Result "0-1"]
[WhiteElo "2125"]
[BlackElo "2190"]
[TimeControl "180+2"]
[EndTime "14:10:07 PDT"]
[Termination "saraswathii won by resignation"]

1. e4 c5 2. Nf3 e6 3. d4 cxd4 4. Nxd4 Nf6 5. Nc3 Nc6 6. Ndb5 Bb4 7. Nd6+ Ke7 8. Bf4 e5 9. Nf5+ Kf8 10. Bg5 d5 11. a3 Bxc3+ 12. bxc3 Qa5 13. Bd3 dxe4 14. Bxf6 Bxf5 15. Bxe4 Qxc3+ 16. Kf1 Bxe4 17. Bh4 Bxc2 18. Qd6+ Kg8 19. Rc1 Bd3+ 0-1

[Event "*** Qualifier 1: Titled Tuesday 3|2 Blitz"]
[Site "Chess.com"]
[Date "2017.04.04"]
[Round "5"]
[White "yian123"]
[Black "Keranke"]
[Result "0-1"]
[WhiteElo "2411"]
[BlackElo "2718"]
[TimeControl "180+2"]
[EndTime "14:10:10 PDT"]
[Termination "Keranke won by resignation"]

1. e4 g6 2. d4 Bg7 3. Nc3 d6 4.
Be3 a6 5. Qd2 b5 6. a4 b4 7. Nd5 a5 8. c3 bxc3 9. Qxc3 c6 10. Nf4 Nf6 11. f3 O-O 12. Bd3 c5 13.
Nfe2 Nc6 14. Bb5 Nb4 15. Rd1 Bd7 16. Bxd7 Qxd7 17. Qb3 c4 18. Qxc4 Rfc8 19. Qb5 Qe6 20. d5 Nfxd5 21. Rxd5 Nxd5 22. Qxd5 Qxd5 23. exd5 Bxb2 24.
Kf2 Rc4 25. Nh3 Rxa4 26. Rb1 Bf6 27. Nhf4 Rb4 28. Rxb4 axb4 29. Nd3 b3 30. Nd4 b2 31. Nxb2 Ra2 32. Ne2 Rxb2 0-1

[Event "*** Qualifier 1: Titled Tuesday 3|2 Blitz"]
[Site "Chess.com"]
[Date "2017.04.04"]
[Round "5"]
[White "Quiet_Desperation"]
[Black "Generalas"]
[Result "0-1"]
[WhiteElo "2093"]
[BlackElo "2194"]
[TimeControl "180+2"]
[EndTime "14:10:19 PDT"]
[Termination "Generalas won by resignation"]

1. e4 e5 2. Nf3 Nc6 3. Bb5 a6 4. Ba4 Nf6 5. O-O Be7 6. Re1 b5 7. Bb3 O-O 8. c3 d5 9. exd5 Nxd5 10. d4 exd4 11. cxd4 Bb4 12. Bd2 Bg4 13. Nc3 Nb6 14. a3 Be7 15. Be3 Na5 16. Bc2 Nac4 17. Rb1 Nxe3 18.
fxe3 g6 19. h3 Be6 20. Ne5 Qe8 21. Ne4 Rd8 22. Qf3 f5 23. Nc3 Nc4 24. Nxc4 Bxc4 25.
Qc6 Qxc6 0-1

[Event "*** Qualifier 1: Titled Tuesday 3|2 Blitz"]
[Site "Chess.com"]
[Date "2017.04.04"]
[Round "5"]
[White "P0ubelle"]
[Black "AndrewMcStone"]
[Result "1-0"]
[WhiteElo "2100"]
[BlackElo "1989"]
[TimeControl "180+2"]
[EndTime "14:10:21 PDT"]
[Termination "P0ubelle won by resignation"]

1. e4 e6 2. d4 d5 3. Nd2 Nf6 4. e5 Nfd7 5. Bd3 c5 6. c3 Nc6 7.
Ngf3 f6 8. exf6 Nxf6 9. O-O cxd4 10.
cxd4 Bd6 11. Re1 Qc7 12. Nf1 O-O 13. Bg5 Bd7 14. Rc1 h6 15. Bh4 g5 16. Bg3 Bf4 17. Ne3 Bxg3 18. hxg3 Rae8 19. Ne5 Nxe5 20. Rxc7 1-0

[Event "*** Qualifier 1: Titled Tuesday 3|2 Blitz"]
[Site "Chess.com"]
[Date "2017.04.04"]
[Round "5"]
[White "indfraeng"]
[Black "pKiLz5Rn9b"]
[Result "0-1"]
[WhiteElo "1765"]
[BlackElo "2595"]
[TimeControl "180+2"]
[EndTime "14:10:30 PDT"]
[Termination "pKiLz5Rn9b won by resignation"]

1. d4 Nf6 2. c4 e6 3. Nc3 Bb4 4. Qc2 Nc6 5. Nf3 O-O 6. Bg5 h6 7.
Bh4 d6 8. e4 e5 9. d5 Nd4 10. Qd3 Nxf3+ 11. Qxf3 Bxc3+ 12. bxc3 g5 13. Bg3 Bg4 14. Qe3 Nxe4 15. Bxe5 dxe5 16. Qxe4 Bd7 17. Bd3 f5 18. Qe3 Qf6 19. O-O Rae8 20. Rab1 b6 21. c5 e4 22. Bb5 Bxb5 23. Rxb5 f4 24. Qd4 e3 25. fxe3 Rxe3 26. cxb6 axb6 27. d6 Qxd4 28.
cxd4 cxd6 29. Rxb6 Rf6 30. Rd1 Re2 31. a4 g4 32.
Rb8+ Kg7 33. a5 Ra2 34. Rb7+ Kg6 35. Ra7 f3 36. Ra8 Rxg2+ 37. Kf1 Rxh2 38. Kg1 Rg2+ 39. Kf1 Ra2 40. a6 Kg7 41. a7 g3 42. Kg1 f2+ 43. Kf1 g2+ 44. Kxg2 f1=Q+ 0-1

[Event "*** Qualifier 1: Titled Tuesday 3|2 Blitz"]
[Site "Chess.com"]
[Date "2017.04.04"]
[Round "5"]
[White "thegreendog"]
[Black "michaelk123"]
[Result "0-1"]
[WhiteElo "2282"]
[BlackElo "2208"]
[TimeControl "180+2"]
[EndTime "14:10:31 PDT"]
[Termination "michaelk123 won by checkmate"]

1. d4 Nf6 2. c4 g6 3. Nc3 d5 4.
cxd5 Nxd5 5. Bd2 Bg7 6. e4 Nxc3 7. Bxc3 O-O 8. Qd2 Nc6 9. Nf3 Bg4 10. d5 Bxf3 11. Bxg7 Kxg7 12. gxf3 Ne5 13. Qc3 f6 14.
O-O-O c6 15. dxc6 Qb6 16. cxb7 Qxb7 17. Kb1 Rab8 18. Bg2 g5 19. h4 h6 20. hxg5 hxg5 21. Rh5 Rfc8 22. Qd4 Rc4 23. Qd2 Rb4 24. Rxg5+ fxg5 25. Qxg5+ Ng6 26. Ka1 Rxb2 27. Qc1 Qb4 28. f4 Rxa2+ 29.
Kxa2 Qa4+ 30. Qa3 Qc2+ 31. Ka1 Qxd1+ 32. Ka2 Qb1# 0-1

[Event "*** Qualifier 1: Titled Tuesday 3|2 Blitz"]
[Site "Chess.com"]
[Date "2017.04.04"]
[Round "5"]
[White "BjarkeSahl"]
[Black "Maung-Mg-KZH"]
[Result "0-1"]
[WhiteElo "2177"]
[BlackElo "2317"]
[TimeControl "180+2"]
[EndTime "14:10:34 PDT"]
[Termination "Maung-Mg-KZH won by resignation"]

1. Nf3 Nf6 2. d4 d5 3. Bf4 c5 4. e3 Nc6 5. Nc3 Bg4 6. Nb5 Rc8 7. c3 a6 8. Na3 e6 9. Be2 cxd4 10. exd4 Bxa3 11.
bxa3 Ne4 12. Rc1 Qa5 13. Qb3 O-O 14. O-O b5 15. h3 Bxf3 16. Bxf3 Ne7 17. Bxe4 dxe4 18.
Bd6 Rfe8 19. Bxe7 Rxe7 20. Rfe1 Rec7 21. Rxe4 Rxc3 22. Rxc3 Rxc3 23. Qd5 g6 24. Qa8+ Kg7 25. Qb8 Qc7 26. Qxc7 Rxc7 27. a4 bxa4 28. d5 Rc1+ 29. Kh2 exd5 30. Rxa4 Rc6 31. Kg3 Kf6 32. Kf4 Ke6 33. Ke3 Ke5 34. f4+ Ke6 35. g4 f5 36.
Kd4 fxg4 37. hxg4 Rc4+ 38. Rxc4 dxc4 39. Kxc4 h5 40. f5+ Kf6 0-1

[Event "*** Qualifier 1: Titled Tuesday 3|2 Blitz"]
[Site "Chess.com"]
[Date "2017.04.04"]
[Round "5"]
[White "BogdanDeac"]
[Black "Schemato"]
[Result "1-0"]
[WhiteElo "2350"]
[BlackElo "2238"]
[TimeControl "180+2"]
[EndTime "14:10:43 PDT"]
[Termination "BogdanDeac won by resignation"]

1. d4 e6 2. Bf4 d6 3. e4 g6 4. c3 Bg7 5. Bg3 Ne7 6. h4 h6 7.
Nd2 b6 8. f4 Bb7 9. h5 Nd7 10.
hxg6 fxg6 11. Bd3 e5 12. Ngf3 Nc6 13. fxe5 dxe5 14. d5 Ne7 15. Bb5 O-O 16. Bxd7 Qxd7 17. Qe2 Rae8 18. O-O-O Nc8 19. Nc4 Ba6 20. Nxb6 Bxe2 21.
Nxd7 Bxd1 22. Rxd1 Rf7 23. Ndxe5 Rfe7 24. Nc6 Rxe4 25. Bxc7 Re2 26. Rd2 h5 27. Kd1 Rxd2+ 28. Kxd2 Bf8 29. c4 Nd6 30. Kd3 Ne4 31. Be5 Nd6 32.
b4 a6 33. c5 Nf5 34. Ncd4 Rd8 35. Nxf5 gxf5 36. d6 Kf7 37. Nd4 Bg7 38. Bxg7 Kxg7 39.
Ne6+ 1-0

[Event "*** Qualifier 1: Titled Tuesday 3|2 Blitz"]
[Site "Chess.com"]
[Date "2017.04.04"]
[Round "5"]
[White "ecwinslow"]
[Black "Swarajan"]
[Result "1-0"]
[WhiteElo "2079"]
[BlackElo "1885"]
[TimeControl "180+2"]
[EndTime "14:10:44 PDT"]
[Termination "ecwinslow won by resignation"]

1. d4 Nf6 2. c4 c5 3. d5 g6 4. Nc3 Bg7 5. e4 O-O 6. h3 e6 7. Nf3 exd5 8. cxd5 Re8 9. Bd3 c4 10.
Bc2 Na6 11. O-O Nc7 12. e5 Nh5 13. g4 Bxe5 14. gxh5 d6 15. Kg2 gxh5 16. Ng5 f5 17. Qxh5 Qe7 18. f4 Bd4 19. Re1 Ne6 20. dxe6 Bxc3 21.
bxc3 b5 22. Kh2 Bb7 23. Be3 d5 24. Bd4 Rf8 25. Nxh7 Qxh7 26. Qg5+ 1-0